BSA
BAFFIN ISLAND BEAVERS @ VISTA PANTHERS
08/28/2027
 
TOP OF THE 1ST
Baffin Island Beavers batting - Pitching for Vista Panthers : RHP Dale Reese
Pitching: RHP Dale Reese
Batting: LHB Chris Bates 0-0: Ball
1-0: Fly out, F9 (Flyball, 9LMF)
Batting: LHB Keng-chi Lao 0-0: Ball
1-0: Ball
2-0: Called Strike
2-1: Foul Ball, location: 2F
2-2: Foul Ball, location: 2F
2-2: SINGLE (Groundball, 3D)
Batting: LHB Lorenzo Villa 0-0: Ball
1-0: Ball
2-0: Swinging Strike
2-1: Ball
3-1: Grounds into double play, 1-6-3 (Groundball, 13)
Top of the 1st over - 0 run(s), 1 hit(s), 0 error(s), 0 left on base; Baffin Island 0 - Vista 0
BOTTOM OF THE 1ST
Vista Panthers batting - Pitching for Baffin Island Beavers : RHP Jesse Little
Pitching: RHP Jesse Little
Batting: LHB Bob Cunningham 0-0: Called Strike
0-1: Ball
1-1: Ball
2-1: Foul Ball, location: 2F
2-2: Ball
3-2: Ground out 4-3 (Groundball, 34)
Batting: LHB Patrick Osborne 0-0: Called Strike
0-1: Ground out U3 (Groundball, 3)
Batting: LHB Brent Alonzo 0-0: Ball
1-0: Ball
2-0: Called Strike
2-1: Ground out 6-3 (Groundball, 6)
Bottom of the 1st over - 0 run(s), 0 hit(s), 0 error(s), 0 left on base; Baffin Island 0 - Vista 0
TOP OF THE 2ND
Baffin Island Beavers batting - Pitching for Vista Panthers : RHP Dale Reese
Batting: RHB Tony Morton 0-0: DOUBLE (Groundball, 3L)
Batting: RHB Dave Craig 0-0: Ball
1-0: Called Strike
1-1: Swinging Strike
1-2: Foul Ball, location: 2F
1-2: Strikes out swinging, 2-3 out at first.
Batting: LHB Norberto Muñóz 0-0: Foul Ball, location: 2F
0-1: Foul Ball, location: 2F
0-2: Foul Ball, location: 2F
0-2: Ball
1-2: Foul Ball, location: 2F
1-2: Ground out 5-3 (Groundball, 56)
Batting: LHB Mike MacFadden 0-0: Ball
1-0: SINGLE (Groundball, 3D)
Tony Morton to third
Runner from 3rd tries for Home, SAFE, no throw
Batting: LHB Howard Evans 0-0: Swinging Strike
0-1: Called Strike
0-2: Ball
1-2: Foul Ball, location: 2F
1-2: Strikes out swinging
Top of the 2nd over - 1 run(s), 2 hit(s), 0 error(s), 1 left on base; Baffin Island 1 - Vista 0
BOTTOM OF THE 2ND
Vista Panthers batting - Pitching for Baffin Island Beavers : RHP Jesse Little
Batting: SHB Mark Wells 0-0: Foul Ball, location: 2F
0-1: Foul Ball, location: 2F
0-2: Strikes out swinging
Batting: RHB Phil Matthews 0-0: Called Strike
0-1: Ground out 6-3 (Groundball, 56)
Batting: LHB Francisco Marino 0-0: Ball
1-0: Swinging Strike
1-1: Foul Ball, location: 2F
1-2: Strikes out swinging
Bottom of the 2nd over - 0 run(s), 0 hit(s), 0 error(s), 0 left on base; Baffin Island 1 - Vista 0
TOP OF THE 3RD
Baffin Island Beavers batting - Pitching for Vista Panthers : RHP Dale Reese
Batting: RHB Raúl Soto 0-0: Called Strike
0-1: Ball
1-1: Fly out, F2 (Popup, 5S)
Batting: LHB Chris Bates 0-0: Foul Ball, location: 2F
0-1: Foul Ball, location: 2F
0-2: Ball
1-2: Ball
2-2: Foul Ball, location: 2F
2-2: Ball
3-2: TRIPLE (Flyball, 89XD)
Batting: LHB Keng-chi Lao 0-0: Called Strike
0-1: Ball
1-1: Swinging Strike
1-2: Foul Ball, location: 2F
1-2: Foul Ball, location: 2F
1-2: Ball
2-2: Ground out 1-3 (Groundball, 13S)
Batting: LHB Lorenzo Villa 0-0: Swinging Strike
0-1: Ball
1-1: DOUBLE (Line Drive, 89M)
Chris Bates scores
Batting: RHB Tony Morton 0-0: Called Strike
0-1: Ball
1-1: Called Strike
1-2: Ball
2-2: Fly out, F8 (Line Drive, 89D)
Top of the 3rd over - 1 run(s), 2 hit(s), 0 error(s), 1 left on base; Baffin Island 2 - Vista 0
BOTTOM OF THE 3RD
Vista Panthers batting - Pitching for Baffin Island Beavers : RHP Jesse Little
Batting: RHB Justin Burgess 0-0: Called Strike
0-1: Ball
1-1: SINGLE (Line Drive, 6MD)
Batting: RHB Roberto Cruz 0-0: Ball
1-0: Fly out, F8 (Line Drive, 8LD)
Batting: RHB Cisco Gatán 0-0: Ball
1-0: Ground out 5-3 (Groundball, 5)
Justin Burgess to second
Batting: LHB Bob Cunningham 0-0: Ball
1-0: Ball
2-0: Ball
3-0: Called Strike
3-1: Foul Ball, location: 2F
3-2: Base on Balls
Batting: LHB Patrick Osborne 0-0: Ball
1-0: Ball
2-0: Ball
3-0: Base on Balls
Justin Burgess to third
Bob Cunningham to second
Batting: LHB Brent Alonzo 0-0: Called Strike
0-1: Fly out, F8 (Flyball, 78M)
Bottom of the 3rd over - 0 run(s), 1 hit(s), 0 error(s), 3 left on base; Baffin Island 2 - Vista 0
TOP OF THE 4TH
Baffin Island Beavers batting - Pitching for Vista Panthers : RHP Dale Reese
Batting: RHB Dave Craig 0-0: Called Strike
0-1: SINGLE (Line Drive, 7S)
Batting: LHB Norberto Muñóz 0-0: Reached on error, E4 (Groundball, 4)
Dave Craig to third
Batting: LHB Mike MacFadden 0-0: Called Strike
0-1: Ball
1-1: Foul Ball, location: 2F
1-2: Foul Ball, location: 2F
1-2: Fly out, F7 (Flyball, 7S)
Batting: LHB Howard Evans 0-0: Ball
1-0: Ball
2-0: Ball
3-0: Base on Balls
Batting: RHB Raúl Soto 0-0: DOUBLE (Groundball, 5L)
Dave Craig scores
Norberto Muñóz scores
Howard Evans to third
Runner from 3rd tries for Home, SAFE, throw made home
Batting: LHB Chris Bates 0-0: Foul Ball, location: 2F
0-1: Fly out, F8 (Flyball, 8LD)
Runner from 2nd tags up, SAFE at 3rd, no throw
Batting: LHB Keng-chi Lao 0-0: Called Strike
0-1: Ball
1-1: Ball
2-1: Ball
3-1: Called Strike
3-2: Base on Balls
Batting: LHB Lorenzo Villa 0-0: Ball
1-0: Ball
2-0: Foul Ball, location: 2F
2-1: SINGLE (Line Drive, 89S)
Raúl Soto scores
Keng-chi Lao to second
Pitching: LHP Mario Tobías
Batting: RHB Tony Morton 0-0: Fielders Choice at 2nd, 4-6 (Groundball, 4)
Top of the 4th over - 4 run(s), 3 hit(s), 1 error(s), 1 left on base; Baffin Island 6 - Vista 0
BOTTOM OF THE 4TH
Vista Panthers batting - Pitching for Baffin Island Beavers : RHP Jesse Little
Batting: SHB Mark Wells 0-0: Foul Ball, location: 2F
0-1: SINGLE (Groundball, 34D)
Batting: RHB Phil Matthews 0-0: Ball
1-0: Fly out, F8 (Flyball, 78D)
Batting: LHB Francisco Marino 0-0: Called Strike
0-1: Ball
1-1: Ball
2-1: Ball
3-1: Foul Ball, location: 2F
3-2: Strikes out looking
Mark Wells steals 2nd base
Batter strikes out.
Batting: RHB Justin Burgess 0-0: Foul Ball, location: 2F
0-1: Swinging Strike
0-2: Ball
1-2: Strikes out looking
Bottom of the 4th over - 0 run(s), 1 hit(s), 0 error(s), 1 left on base; Baffin Island 6 - Vista 0
TOP OF THE 5TH
Baffin Island Beavers batting - Pitching for Vista Panthers : LHP Mario Tobías
Batting: RHB Dave Craig 0-0: Fly out, F8 (Line Drive, 8LD)
Batting: LHB Norberto Muñóz 0-0: Ball
1-0: Swinging Strike
1-1: Foul Ball, location: 2F
1-2: Strikes out swinging
Batting: LHB Mike MacFadden 0-0: Swinging Strike
0-1: Foul Ball, location: 2F
0-2: Ball
1-2: Foul Ball, location: 2F
1-2: Foul Ball, location: 2F
1-2: Strikes out swinging
Top of the 5th over - 0 run(s), 0 hit(s), 0 error(s), 0 left on base; Baffin Island 6 - Vista 0
BOTTOM OF THE 5TH
Vista Panthers batting - Pitching for Baffin Island Beavers : RHP Jesse Little
Batting: RHB Roberto Cruz 0-0: Called Strike
0-1: Ball
1-1: Ball
2-1: Called Strike
2-2: Foul Ball, location: 2F
2-2: Strikes out swinging
Batting: RHB Cisco Gatán 0-0: Ball
1-0: Foul Ball, location: 2F
1-1: Ball
2-1: Ball
3-1: Ground out 6-3 (Groundball, 6S)
Batting: LHB Bob Cunningham 0-0: SOLO HOME RUN (Flyball, 89XD), Distance : 422 ft
Batting: LHB Patrick Osborne 0-0: Foul Ball, location: 2F
0-1: Called Strike
0-2: Foul Ball, location: 2F
0-2: SINGLE (Line Drive, 3D)
Batting: LHB Brent Alonzo 0-0: Fly out, F8 (Flyball, 8LS)
Bottom of the 5th over - 1 run(s), 2 hit(s), 0 error(s), 1 left on base; Baffin Island 6 - Vista 1
TOP OF THE 6TH
Baffin Island Beavers batting - Pitching for Vista Panthers : LHP Mario Tobías
Batting: LHB Howard Evans 0-0: Foul Ball, location: 2F
0-1: Ground out 1-3 (Groundball, 13S)
Batting: RHB Raúl Soto 0-0: Ball
1-0: Fly out, F5 (Popup, 5L)
Batting: LHB Chris Bates 0-0: Foul Ball, location: 2F
0-1: Ball
1-1: Foul Ball, location: 2F
1-2: Ground out 4-3 (Groundball, 34)
Top of the 6th over - 0 run(s), 0 hit(s), 0 error(s), 0 left on base; Baffin Island 6 - Vista 1
BOTTOM OF THE 6TH
Vista Panthers batting - Pitching for Baffin Island Beavers : RHP Jesse Little
Batting: SHB Mark Wells 0-0: Ball
1-0: Foul Ball, location: 2F
1-1: SINGLE (Groundball, 34S) (infield hit)
Batting: RHB Phil Matthews 0-0: Called Strike
0-1: Swinging Strike
0-2: Ball
1-2: Foul Ball, location: 2F
1-2: Ball
2-2: Ball
3-2: Foul Ball, location: 2F
3-2: Foul Ball, location: 2F
3-2: Strikes out swinging
Batting: LHB Francisco Marino 0-0: Ball
1-0: Foul Ball, location: 2F
1-1: Called Strike
1-2: Fielders Choice at 2nd, 4-6 (Groundball, 34)
Batting: RHB Justin Burgess 0-0: Ball
1-0: Called Strike
Francisco Marino steals 2nd base
1-1: Ball
2-1: Called Strike
2-2: Ball
3-2: Foul Ball, location: 2F
3-2: Fly out, F7 (Flyball, 7D)
Bottom of the 6th over - 0 run(s), 1 hit(s), 0 error(s), 1 left on base; Baffin Island 6 - Vista 1
TOP OF THE 7TH
Baffin Island Beavers batting - Pitching for Vista Panthers : LHP Mario Tobías
Batting: LHB Keng-chi Lao 0-0: Ground out U3 (Groundball, 3)
Batting: LHB Lorenzo Villa 0-0: Ball
1-0: Ball
2-0: Ground out U3 (Groundball, 3S)
Batting: RHB Tony Morton 0-0: Ball
1-0: SOLO HOME RUN (Flyball, 7D), Distance : 428 ft
Batting: RHB Dave Craig 0-0: Called Strike
0-1: Foul Ball, location: 2F
0-2: Fly out, F5 (Popup, 56S)
Top of the 7th over - 1 run(s), 1 hit(s), 0 error(s), 0 left on base; Baffin Island 7 - Vista 1
BOTTOM OF THE 7TH
Vista Panthers batting - Pitching for Baffin Island Beavers : RHP Jesse Little
Batting: RHB Roberto Cruz 0-0: Ball
1-0: Swinging Strike
1-1: Ball
2-1: Foul Ball, location: 2F
2-2: Foul Ball, location: 2F
2-2: Ground out 5-3 (Groundball, 5S)
Batting: RHB Cisco Gatán 0-0: Ball
1-0: Foul Ball, location: 2F
1-1: Ball
2-1: Ball
3-1: Base on Balls
Pitching: RHP Nathan Walters
Batting: LHB Bob Cunningham 0-0: Swinging Strike
0-1: Ball
1-1: Fielders Choice at 2nd, 4-6 (Groundball, 34)
Batting: LHB Patrick Osborne 0-0: Called Strike
0-1: Ball
1-1: Ball
2-1: Ball
3-1: Called Strike
3-2: DOUBLE (Flyball, 8RXD)
Bob Cunningham to third
Bob Cunningham scores
Batting: LHB Brent Alonzo 0-0: Ball
1-0: Ball
2-0: Ball
3-0: Base on Balls
Batting: SHB Mark Wells 0-0: Ball
1-0: Ball
2-0: Called Strike
2-1: Ball
3-1: Foul Ball, location: 2F
3-2: Foul Ball, location: 2F
3-2: Ground out 2-3 (Groundball, 2L)
Bottom of the 7th over - 1 run(s), 1 hit(s), 0 error(s), 2 left on base; Baffin Island 7 - Vista 2
TOP OF THE 8TH
Baffin Island Beavers batting - Pitching for Vista Panthers : LHP Mario Tobías
Batting: LHB Norberto Muñóz 0-0: Foul Ball, location: 2F
0-1: Called Strike
0-2: Foul Ball, location: 2F
0-2: Foul Ball, location: 2F
0-2: Ball
1-2: Ball
2-2: Fly out, F9 (Flyball, 89D)
Batting: LHB Mike MacFadden 0-0: Ball
1-0: Ball
2-0: Ball
3-0: Base on Balls
Batting: LHB Howard Evans 0-0: SINGLE (Groundball, 6D)
Mike MacFadden to second
Batting: RHB Raúl Soto 0-0: Ball
1-0: Called Strike
1-1: Ball
2-1: Ball
3-1: Base on Balls
Mike MacFadden to third
Howard Evans to second
Batting: LHB Chris Bates 0-0: Called Strike
0-1: Fly out, F9 (Flyball, 9S)
Batting: LHB Keng-chi Lao 0-0: Ball
1-0: Foul Ball, location: 2F
1-1: Swinging Strike
1-2: Ball
2-2: Fly out, F7 (Flyball, 78D)
Top of the 8th over - 0 run(s), 1 hit(s), 0 error(s), 3 left on base; Baffin Island 7 - Vista 2
BOTTOM OF THE 8TH
Vista Panthers batting - Pitching for Baffin Island Beavers : RHP Nathan Walters
Batting: RHB Phil Matthews 0-0: Fly out, F3 (Line Drive, 3)
Batting: LHB Francisco Marino 0-0: Called Strike
0-1: Foul Ball, location: 2F
0-2: Ball
1-2: Strikes out swinging
Batting: RHB Justin Burgess 0-0: Ball
1-0: SINGLE (Groundball, 6MD)
Batting: RHB Roberto Cruz 0-0: Ball
1-0: Fly out, F7 (Line Drive, 7)
Bottom of the 8th over - 0 run(s), 1 hit(s), 0 error(s), 1 left on base; Baffin Island 7 - Vista 2
TOP OF THE 9TH
Baffin Island Beavers batting - Pitching for Vista Panthers : LHP Mario Tobías
Batting: LHB Lorenzo Villa 0-0: Fly out, F9 (Flyball, 9)
Batting: RHB Tony Morton 0-0: Ball
1-0: Swinging Strike
1-1: Ball
2-1: Foul Ball, location: 2F
2-2: Foul Ball, location: 2F
2-2: Foul Ball, location: 2F
2-2: Foul Ball, location: 2F
2-2: Ground out 6-3 (Groundball, 6)
Pitching: RHP Doug Singleton
Batting: RHB Dave Craig 0-0: Fly out, F8 (Flyball, 8LD)
Top of the 9th over - 0 run(s), 0 hit(s), 0 error(s), 0 left on base; Baffin Island 7 - Vista 2
BOTTOM OF THE 9TH
Vista Panthers batting - Pitching for Baffin Island Beavers : RHP Nathan Walters
Pitching: LHP Edgardo Guzmán
Batting: RHB Cisco Gatán 0-0: Ball
1-0: Ball
2-0: Ball
3-0: Base on Balls
Batting: LHB Bob Cunningham 0-0: Swinging Strike
0-1: Called Strike
0-2: Fly out, F2 (Popup, 56S)
Batting: LHB Patrick Osborne 0-0: Ball
1-0: Ball
2-0: Foul Ball, location: 2F
2-1: Ball
3-1: Swinging Strike
3-2: Foul Ball, location: 2F
3-2: Base on Balls
Cisco Gatán to second
Batting: LHB Brent Alonzo 0-0: Fielders Choice at 2nd, 6-4 (Groundball, 6)
Cisco Gatán to third
Batting: SHB Mark Wells 0-0: DOUBLE (Line Drive, 7LS)
Cisco Gatán scores
Brent Alonzo to third
Batting: RHB Phil Matthews 0-0: Ball
1-0: Called Strike
1-1: Ball
2-1: Ground out 1-3 (Groundball, 15S)
Bottom of the 9th over - 1 run(s), 1 hit(s), 0 error(s), 2 left on base; Baffin Island 7 - Vista 3
Thursday, March 30th, 2017 - OOTP Baseball 17.12 Build 75